 Dungeon Crawl Stone Soup version 0.22.1-2-g9c5b331 (webtiles) character file.

77 Cetarim the Shield-Bearer (level 4, 0/40 HPs)
             Began as a Minotaur Fighter on Dec 16, 2018.
             Slain by a gnoll
             ... wielding a +0 halberd
              (2 damage)
             ... on level 3 of the Dungeon on Dec 18, 2018.
             The game lasted 00:04:12 (1634 turns).

Cetarim the Shield-Bearer (Minotaur Fighter)        Turns: 1634, Time: 00:04:13

Health: 0/40       AC: 14    Str: 22    XL:     4   Next: 13%
Magic:  3/3        EV:  6    Int:  5    God:
Gold:   103        SH: 14    Dex:  9    Spells: 3/3 levels left

rFire    . . .     SeeInvis .   a - +0 war axe
rCold    . . .     Gourm    .   l - +0 large shield
rNeg     . . .     Faith    .   b - +0 scale mail
rPois    .         Spirit   .   (helmet restricted)
rElec    .         Reflect  .   (no cloak)
rCorr    .         Harm     +   o - +2 pair of gloves
MR       .....                  (no boots)
Stlth    ..........             j - amulet of harm
HPRegen  0.13/turn              k - +2 ring of protection
MPRegen  0.08/turn              s - +2 ring of protection

@: no status effects
A: retaliatory headbutt, horns 2
a: no special abilities


You were on level 3 of the Dungeon.
You were very hungry.

You visited 1 branch of the dungeon, and saw 3 of its levels.

You collected 103 gold pieces.

Inventory:

Hand Weapons
 a - a +0 war axe (weapon)
Armour
 b - a +0 scale mail (worn)
 c - a +0 shield
 l - a +0 large shield (worn)
 o - a +2 pair of gloves (worn)
Jewellery
 j - an amulet of harm (around neck)
 k - a +2 ring of protection (left hand)
 s - a +2 ring of protection (right hand)
Scrolls
 e - a scroll of teleportation {unknown}
 h - a scroll of random uselessness {unknown}
 m - a scroll of immolation {unknown}
 n - a scroll of noise {unknown}
 q - a scroll of enchant weapon {unknown}
 r - a scroll of fear {unknown}
Potions
 d - a potion of might
 g - 2 potions of degeneration {unknown}
 i - a potion of haste {unknown}
 p - 2 potions of curing {unknown}
Comestibles
 f - 2 rations


   Skills:
 + Level 4.2 Fighting
 + Level 3.3 Axes
 + Level 4.1 Armour
 + Level 0.9 Dodging
 + Level 0.2 Stealth
 + Level 4.4 Shields


You had 3 spell levels left.
You didn't know any spells.
Your spell library was empty.

Dungeon Overview and Level Annotations

Branches:
Dungeon (3/15)

Altars:


Innate Abilities, Weirdness & Mutations

You reflexively headbutt those who attack you in melee.
You have a pair of horns on your head.


Message History

You hit the gnoll. You headbutt the gnoll!
You kill the gnoll!
You have reached level 4!
You feel stronger. The gnoll hits you but does no damage.
The gnoll hits you but does no damage.
The gnoll hits you from afar with a spear!
* * * LOW HITPOINT WARNING * * *
You barely miss the gnoll. Your headbutt misses the gnoll.
You block the gnoll's attack. The gnoll hits you with a halberd.
* * * LOW HITPOINT WARNING * * *
The gnoll hits you from afar with a spear!
* * * LOW HITPOINT WARNING * * *
You closely miss the gnoll. You headbutt the gnoll.
The gnoll is heavily wounded.
The gnoll barely misses you. You block the gnoll's attack.
Your shield prevents you from hitting the gnoll.
The gnoll is heavily wounded.
The gnoll hits you with a halberd.
You die...

# #####
#..###########...#
#..gg@..)#.....#.#
#.######.#.###...#
#.#.####.##
#....###.#
#........#
######..<#.#.######
.........#.###......
#########.## ##.....
##.###.#####


You could see 2 gnolls.

Vanquished Creatures
  A gnoll (D:3)
  An adder (D:2)
  2 oozes (D:2)
  A worm (D:2)
  A dart slug (D:2)
  A leopard gecko (D:2)
  4 giant cockroaches
  7 goblins
  6 hobgoblins
  5 bats
  2 frilled lizards (D:2)
  6 kobolds
  6 rats
43 creatures vanquished.

Notes
Turn   | Place    | Note
-------+----------+-------------------------------------------
     0 | D:1      | Cetarim the Minotaur Fighter began the quest for the Orb.
     0 | D:1      | Reached XP level 1. HP: 19/19 MP: 0/0
   209 | D:1      | Reached XP level 2. HP: 27/27 MP: 1/1
   633 | D:1      | You fall through a shaft!
   663 | D:2      | Reached XP level 3. HP: 13/33 MP: 2/2
  1630 | D:3      | Reached XP level 4. HP: 19/40 MP: 3/3
  1632 | D:3      | HP: 1/40 [gnoll/spear (8)]
  1634 | D:3      | Slain by a gnoll

Skill      XL: |  1  2  3 |
---------------+----------+-----
Armour         | 4 |  4.1
Shields        | 4 |  4.4
Fighting       | 4 |  4.2
Axes           | 3 |  3.3
Dodging        | |  0.9
Stealth        | |  0.2

Action                   |  1- 3 |  4- 6 || total
-------------------------+-------+-------++-------
Melee: War axe           |   117 |     3 ||   120
       Headbutt          |     9 |     1 ||    10
  Eat: Chunk             |     1 |       ||     1
Armor: Scale mail        |   107 |     2 ||   109
Dodge: Dodged            |    54 |     1 ||    55
Block: Shield            |    93 |       ||    93
       Large shield      |    37 |     2 ||    39
